Cogmind - Beta 11 @@@ ROGUE MODE // 2022.04.18 @ 20:02:09 Player: DaddyWalrus Result: Self-destructed Performance ------------- Evolutions (3) 1500 Regions Visited (10) 2000 Robots Destroyed (78) 390 Value Destroyed (2449) 2449 Prototype IDs (11) 220 Alien Tech Used (0) 0 Bonus (1311) 1311 TOTAL SCORE: 7870 Bonus ------- High Alert Combat Kills 64 Follower Combat Kills 67 Met Imprinter 300 Destroyed Z-Imprinter 1000 Friendly Fire -120 Cogmind --------- Core Integrity 134/700 Matter 27/300 Energy 100/100 System Corruption 2% Temperature Cool (0) Movement Hovering (130) Ox1 Location -7/Deep Caves Parts ------- > --- POWER (1) -------- Zionite Light DM Reactor > --- PROPULSION (4) --- Zionite Glidesys I > --- UTILITY (6) ------ Experimental Heat Sink Medium Storage Unit Improved Signal Interpreter Advanced Targeting Computer Improved Reaction Control System > --- WEAPON (2) ------- Mini Grenade Launcher CR-A16's Pointy Stick > --- INVENTORY (10) --- Light Ion Engine Light Ion Engine Light Ion Engine Experimental Sensor Array Shock Rifle Shock Rifle Precision Assault Rifle Missile Launcher Peak State ------------ > --- POWER ------------ Light Deuterium Engine > --- PROPULSION ------- Airjet Airjet Airjet Aerolev Unit > --- UTILITY ---------- Medium Storage Unit Experimental Sensor Array Improved Signal Interpreter Advanced Targeting Computer Propulsion Shielding Improved Light Armor Plating > --- WEAPON ----------- Heavy Beamcaster Precision Assault Rifle > --- INVENTORY -------- Light Deuterium Engine Airjet Improved Heat Sink Shock Rifle Shock Rifle Shock Rifle Mini Grenade Launcher Missile Launcher Missile Launcher CR-A16's Pointy Stick [Rating: 50] Favorites ----------- Power Ion Engine Engine Ion Engine Power Core Light Nuclear Core Reactor Zionite Light DM Reactor Propulsion Light Treads Treads Light Treads Leg Aluminum Leg Wheel Wheel Hover Unit Airjet Flight Unit Cesium-ion Thruster Utility Medium Storage Unit Device Cooling System Storage Medium Storage Unit Processor Improved Targeting Computer Protection Utility Shielding Weapon Precision Assault Rifle Energy Gun Medium Laser Ballistic Gun Precision Assault Rifle Launcher Mini Grenade Launcher Impact Weapon Heavy Mace Slashing Weapon Katana Piercing Weapon CR-A16's Pointy Stick Build | -11 -10 -10 -10 -9 -8 -7 -7 -7 -7 -7 ------- Run | Scr Mat Min Exi Min Mat Fac Low Low Zio Dee Slots Evolved 6 | . . . . . 4 2 . . . . Power . | . . . . . . . . . . . Propulsion 2 | . . . . . 2 . . . . . Utility 4 | . . . . . 2 2 . . . . Weapon . | . . . . . . . . . . . Parts Attached 123 | 6 5 4 2 9 67 4 1 . 5 20 Power 15 | 1 1 . . 2 8 . . . . 3 Engine 11 | 1 1 . . 2 5 . . . . 2 Core 3 | . . . . . 3 . . . . . Reactor 1 | . . . . . . . . . . 1 Propulsion 39 | 2 . 2 . 2 27 . . . . 6 Treads 13 | 1 . 1 . 1 10 . . . . . Leg 1 | . . . . . 1 . . . . . Wheel 8 | 1 . 1 . 1 5 . . . . . Hover 11 | . . . . . 5 . . . . 6 Flight 6 | . . . . . 6 . . . . . Utility 28 | 1 3 1 . . 14 4 . . 2 3 Device 10 | . . . . . 6 1 . . 1 2 Storage 3 | 1 2 . . . . . . . . . Processor 5 | . . 1 . . 2 2 . . . . Hackware . | . . . . . . . . . . . Protection 10 | . 1 . . . 6 1 . . 1 1 Artifact . | . . . . . . . . . . . Weapon 41 | 2 1 1 2 5 18 . 1 . 3 8 Energy Gun 16 | 2 1 . . 1 10 . . . 1 1 Energy Cannon . | . . . . . . . . . . . Ballistic Gun 10 | . . 1 1 1 5 . . . 1 1 Ballistic Cannon . | . . . . . . . . . . . Launcher 9 | . . . 1 2 . . 1 . 1 4 Special Weapon . | . . . . . . . . . . . Impact Weapon 2 | . . . . . 2 . . . . . Slashing Weapon 2 | . . . . 1 1 . . . . . Piercing Weapon 2 | . . . . . . . . . . 2 Special Melee Weapon . | . . . . . . . . . . . Unidentified Prototypes 9 | . . . . . 4 1 . . . 4 Parts Lost 31 | . 1 . . 4 8 . . . . 18 Power 4 | . . . . 1 1 . . . . 2 Propulsion 17 | . . . . 2 6 . . . . 9 Utility 5 | . . . . . 1 . . . . 4 Weapon 5 | . 1 . . 1 . . . . . 3 Highest Loss Streak 8 | . 1 . . 4 2 . . . . 8 To Critical Strikes 1 | . . . . . 1 . . . . . Average Slot Usage (%) 96 | . 99 100 100 99 95 100 100 100 100 69 Engine 9 | . 14 14 14 14 7 7 7 7 7 4 Treads 15 | . 14 14 14 14 24 . . . . . Wheel 6 | . 14 14 14 13 2 . . . . . Hover 5 | . . . . . 1 30 30 30 30 17 Flight 1 | . . . . . 3 . . . . . Device 5 | . . . . . 9 15 7 7 7 3 Storage 10 | . 14 14 14 14 9 7 7 7 7 7 Processor 11 | . . 12 14 14 9 15 15 15 15 15 Protection 6 | . 13 1 . . 8 7 15 15 15 6 Energy Gun 10 | . 28 25 14 13 6 . . . . 3 Ballistic Gun 6 | . . 2 13 2 10 . . . . 1 Launcher 1 | . . . . 9 . . 6 7 6 5 Impact Weapon 1 | . . . . . . 15 8 7 6 . Naked Turns . | . . . . . . . . . . . Heaviest Build 38 | 12 19 19 20 20 38 26 26 24 29 31 Greatest Support 82 | 16 20 20 10 20 82 32 32 32 32 32 Greatest Overweight (x) 7 | . 1 1 1 1 3 . . . . 7 Average Overweight (x) . | . . . 1 . . . . . . . Largest Inventory Capacity 10 | 8 10 10 10 10 10 10 10 10 10 10 Average Capacity 9 | 6 9 10 10 10 10 10 10 10 10 10 Most Carried 10 | 7 10 10 10 10 10 10 10 10 10 10 Average Carried 9 | 4 8 9 10 9 9 9 10 10 9 8 Final Capacity 10 | 8 10 10 10 10 10 10 10 10 10 10 Final Carried 10 | 6 9 10 10 9 10 10 10 10 10 8 Class Distribution -------------------- 79% | Mutant 14% | Scavenger-Mutant 4% | Commander-Mutant Dominant Class ---------------- Mutant | -10/Materials Mutant | -10/Mines Mutant | -10/Exiles Mutant | -9/Mines Mutant | -8/Materials Mutant | -7/Factory Mutant | -7/Lower Caves Mutant | -7/Lower Caves Mutant | -7/Zion Mutant | -7/Deep Caves Resources | -11 -10 -10 -10 -9 -8 -7 -7 -7 -7 -7 ----------- Run | Scr Mat Min Exi Min Mat Fac Low Low Zio Dee Matter Collected 2087 | 242 60 43 35 180 1222 . 50 . 50 205 Remotely . | . . . . . . . . . . . Salvage Created 3418 | . 258 55 278 28 2400 . 83 . . 316 Parts 166 | . 15 8 4 5 106 . 5 . . 23 Haulers Intercepted 4 | . . . . . 4 . . . . . Recyclers Shooed 1 | . . . . . 1 . . . . . Parts Field Recycled . | . . . . . . . . . . . Retrieved Matter . | . . . . . . . . . . . Parts Self-Destructed 4 | . . . . . . . 4 . . . Prevented . | . . . . . . . . . . . Kills | -11 -10 -10 -10 -9 -8 -7 -7 -7 -7 -7 ------- Run | Scr Mat Min Exi Min Mat Fac Low Low Zio Dee Combat Hostiles Destroyed 57 | . 5 2 . 1 36 . 4 . . 9 Melee 1 | . . . . . . . . . . 1 Guns 40 | . 4 2 . . 34 . . . . . AOE 12 | . . . . 1 . . 3 . . 8 Classes Destroyed 13 | . 3 1 . 1 6 . 1 . . 1 Worker 10 | . 1 1 . 2 6 . . . . . Hauler 4 | . . . . . 4 . . . . . Recycler 2 | . . . . . 2 . . . . . Operator 1 | . 1 . . . . . . . . . Watcher 5 | . . . . . 5 . . . . . Swarmer 8 | . . 2 . . 3 . 3 . . . Grunt 30 | . 5 . 1 . 24 . . . . . Brawler 1 | . . . . . 1 . . . . . Duelist 1 | . . . . . 1 . . . . . Sentry 7 | . . . . . 7 . . . . . Demolisher 1 | . . . . 1 . . . . . . Hunter 1 | . . . . . . . 1 . . . Z-Technician 4 | . . . . . . . . . . 4 Z-Light 8 | . . . . . . . . . . 8 Best Kill Streak 6 | . 4 2 . 2 6 . 3 . . 5 Combat Bots Only 6 | . 4 2 . 1 6 . 3 . . 5 Max Kills in Single Turn 2 | . 1 1 1 1 2 . 2 . . 2 Gunslinging . | . . . . . . . . . . . Exploded 2 | . . . . 1 . . 2 . . 2 Melee 1 | . . . . . . . . . . 1 Uniques/NPCs Destroyed 1 | . . . . . . . . . . 1 Z-Imprinter (-7/Deep Caves) Combat | -11 -10 -10 -10 -9 -8 -7 -7 -7 -7 -7 -------- Run | Scr Mat Min Exi Min Mat Fac Low Low Zio Dee Damage Taken 5413 | . 401 65 . 541 2312 . 174 11 . 1909 Core 971 | . 79 9 . 118 199 . 50 . . 516 Absorbed by Shields . | . . . . . . . . . . . Redirected to Shielding 100 | . 18 . . . 19 . 19 3 . 41 Core Remaining (%) 60 | 100 . . . 17 63 . . . . . Volleys Fired 290 | . 43 7 39 10 154 . 4 . . 33 Largest 2 | . 2 2 2 2 2 . 1 . . 2 Hottest 126 | . 90 90 70 70 126 . 30 . . 117 Shots Fired 517 | . 63 14 74 11 308 . 4 . . 43 Gun 476 | . 63 14 70 4 308 . . . . 17 Cannon . | . . . . . . . . . . . Launcher 41 | . . . 4 7 . . 4 . . 26 Special . | . . . . . . . . . . . Kinetic 200 | . . . 35 1 153 . . . . 11 Thermal 241 | . 36 14 35 1 151 . . . . 4 Explosive 41 | . . . 4 7 . . 4 . . 26 Electromagnetic 35 | . 27 . . 2 4 . . . . 2 Robot Hit Streak 35 | . 11 3 17 5 35 . 2 . . 10 Robot Miss Streak 3 | . 3 3 2 3 3 . 1 . . 3 Penetration Max . | . . . . . . . . . . . Secondary Targets 7 | . . . . . 7 . . . . . Max Gunslinging Chain 1 | . . . . . 1 . . . . . Shots Hit Robots 387 | . 40 8 48 7 250 . 5 . . 29 Core Hits 186 | . 14 3 20 15 91 . 4 . . 39 Critical Kills . | . . . . . . . . . . . Critical Parts Destroyed 2 | . . . . . 1 . 1 . . . Critical Strikes 19 | . . . 5 . 12 . 1 . . 1 Burn 16 | . . . 5 . 11 . . . . . Destroy 1 | . . . . . 1 . . . . . Smash 1 | . . . . . . . 1 . . . Impale 1 | . . . . . . . . . . 1 Melee Attacks 52 | . . . . 1 17 4 6 1 9 14 Impact 23 | . . . . . 3 4 6 1 9 . Slashing 15 | . . . . 1 14 . . . . . Piercing 14 | . . . . . . . . . . 14 Sneak Attacks 6 | . . . . 1 4 . 1 . . . Combat Hostiles 1 | . . . . . . . 1 . . . Follow-up Attacks . | . . . . . . . . . . . Damage Inflicted 8978 | 1 499 90 544 243 4898 . 363 . . 2340 Guns 5745 | . 499 90 544 17 4395 . . . . 200 Cannons . | . . . . . . . . . . . Explosions 1999 | . . . . 137 . . 224 . . 1638 Melee 1205 | . . . . 89 480 . 139 . . 497 Ramming 29 | 1 . . . . 23 . . . . 5 Kinetic 2728 | . . . 197 7 2324 . . . . 200 Thermal 2810 | . 275 90 347 60 2038 . . . . . Explosive 1939 | . . . . 77 . . 224 . . 1638 Electromagnetic 267 | . 224 . . 10 33 . . . . . Impact 244 | . . . . . 105 . 139 . . . Slashing 464 | . . . . 89 375 . . . . . Piercing 497 | . . . . . . . . . . 497 Highest Corruption 2 | . . . . . . . . . . 2 Average Corruption 2 | . . . . . . . . . . 2 Corruption Purged . | . . . . . . . . . . . Corruption Blocked . | . . . . . . . . . . . Effects 1 | . . . . . . . . . . 1 Data Loss (major) 1 | . . . . . . . . . . 1 Overload Shots . | . . . . . . . . . . . Overflow Damage 374 | . . . . . 129 . 88 . . 157 Projectiles . | . . . . . . . . . . . Explosions 22 | . . . . . . . . . . 22 Melee 352 | . . . . . 129 . 88 . . 135 Knockbacks . | . . . . . . . . . . . Impact . | . . . . . . . . . . . Kinetic . | . . . . . . . . . . . Secondary . | . . . . . . . . . . . Self-Inflicted Damage 87 | . . . . . . . 60 . . 27 Shots 3 | . . . . . . . 2 . . 1 Rammed 6 | 1 . . . . 3 . . . . 2 Targets Rammed 6 | 1 . . . . 3 . . . . 2 Kicked . | . . . . . . . . . . . Crushed . | . . . . . . . . . . . Highest Temperature 264 | . 264 180 140 30 156 . . . . 108 Average Temperature 84 | . 129 81 67 14 63 . . . . 36 Received Heat Transfer 1893 | . 204 . . 6 1116 . . . . 567 Siege Activations . | . . . . . . . . . . . Robots Corrupted . | . . . . . . . . . . . Combat Hostiles . | . . . . . . . . . . . Parts Fried 4 | . . . . . 2 . 2 . . . Impact Corruptions 4 | . . . . . 2 . 2 . . . Robots Melted 3 | . 1 . . . 2 . . . . . Combat Hostiles 3 | . 1 . . . 2 . . . . . Parts Melted 14 | . . . 1 . 13 . . . . . Heat Transferred 7442 | . 743 248 1295 50 5106 . . . . . Parts Sabotaged . | . . . . . . . . . . . Parts Stolen . | . . . . . . . . . . . Parts Stripped . | . . . . . . . . . . . Power Chain Reactions 1 | . . . . 1 . . . . . . Missiles Intercepted . | . . . . . . . . . . . Alert | -11 -10 -10 -10 -9 -8 -7 -7 -7 -7 -7 ------- Run | Scr Mat Min Exi Min Mat Fac Low Low Zio Dee Peak Influence 459 | . 146 83 . 46 459 203 . . . . Initial 200 | . . . . . 1 200 . . . . Average 200 | . 68 2 . 5 321 200 . . . . Maximum Alert Level 2 | . . . . . 2 1 . . . . Low Security (%) 49 | 100 100 100 . 100 17 . . . . . Level 1 27 | . . . . . 43 100 . . . . Level 2 22 | . . . . . 39 . . . . . Level 3 . | . . . . . . . . . . . Level 4 . | . . . . . . . . . . . Level 5 . | . . . . . . . . . . . High Security . | . . . . . . . . . . . Max Security . | . . . . . . . . . . . Squads Dispatched 8 | . 2 . . . 5 1 . . . . Investigation 6 | . 1 . . . 4 1 . . . . Extermination . | . . . . . . . . . . . Reinforcement 2 | . 1 . . . 1 . . . . . Assault . | . . . . . . . . . . . Garrison . | . . . . . . . . . . . Intercept . | . . . . . . . . . . . Searches Triggered . | . . . . . . . . . . . Construction Impeded 1 | . . . . . 1 . . . . . Haulers Reinforced . | . . . . . . . . . . . Active Scanning Responses . | . . . . . . . . . . . Cargo Convoy Interrupts . | . . . . . . . . . . . Stealth | -11 -10 -10 -10 -9 -8 -7 -7 -7 -7 -7 --------- Run | Scr Mat Min Exi Min Mat Fac Low Low Zio Dee Distress Signals 4 | . 1 . . . 3 . . . . . Communications Jammed . | . . . . . . . . . . . Distress Signals . | . . . . . . . . . . . Times Spotted 104 | . 14 3 . 5 66 . 3 4 . 9 Peak Tracking Total 9 | . 9 3 . 2 7 1 2 3 . 5 Tactical Retreats 6 | . . . . . 4 . . 2 . . Traps | -11 -10 -10 -10 -9 -8 -7 -7 -7 -7 -7 ------- Run | Scr Mat Min Exi Min Mat Fac Low Low Zio Dee Traps Triggered 2 | . . . . . 1 1 . . . . Indirectly . | . . . . . . . . . . . Trap Hack Attempts . | . . . . . . . . . . . Triggered . | . . . . . . . . . . . Disarmed . | . . . . . . . . . . . Reprogrammed . | . . . . . . . . . . . Reused . | . . . . . . . . . . . Traps Extracted . | . . . . . . . . . . . Installed . | . . . . . . . . . . . Triggered . | . . . . . . . . . . . Machines | -11 -10 -10 -10 -9 -8 -7 -7 -7 -7 -7 ---------- Run | Scr Mat Min Exi Min Mat Fac Low Low Zio Dee Machines Disabled 4 | . . . . . 3 . . . . 1 Max in Single Turn 1 | . . . . . 1 . . . . 1 Machines Sabotaged . | . . . . . . . . . . . Garrisons Compromised . | . . . . . . . . . . . Overloaded Fab Kills . | . . . . . . . . . . . Hacking | -11 -10 -10 -10 -9 -8 -7 -7 -7 -7 -7 --------- Run | Scr Mat Min Exi Min Mat Fac Low Low Zio Dee Machines Accessed 14 | . 3 . 1 . 9 . . . 1 . Terminals 6 | . 1 . . . 5 . . . . . Fabricators . | . . . . . . . . . . . Repair Stations 1 | . . . . . 1 . . . . . Recycling Units 4 | . 2 . . . 2 . . . . . Scanalyzers 1 | . . . . . 1 . . . . . Garrison Access . | . . . . . . . . . . . Total Hacks 44 | . 7 . 5 . 27 . . . 5 . Successful 30 | . 4 . 5 . 16 . . . 5 . Failed 14 | . 3 . . . 11 . . . . . Catastrophic . | . . . . . . . . . . . Database Lockouts . | . . . . . . . . . . . Manual 20 | . 5 . . . 15 . . . . . Terminals 23 | . 5 . . . 18 . . . . . Fabricators . | . . . . . . . . . . . Repair Stations 2 | . . . . . 2 . . . . . Recycling Units 6 | . 2 . . . 4 . . . . . Scanalyzers 3 | . . . . . 3 . . . . . Garrison Access . | . . . . . . . . . . . Terminal Hacks 16 | . 2 . 5 . 4 . . . 5 . Record 5 | . . . 5 . . . . . . . Part Schematic 5 | . . . . . . . . . 5 . Robot Analysis 1 | . . . . . 1 . . . . . Prototype ID Bank 1 | . 1 . . . . . . . . . Branch Access Points 1 | . . . . . 1 . . . . . Unreport Threat 1 | . . . . . 1 . . . . . Locate Traps 2 | . 1 . . . 1 . . . . . Fabricator Hacks . | . . . . . . . . . . . Repair Station Hacks 2 | . . . . . 2 . . . . . Scan Component 1 | . . . . . 1 . . . . . Repair 1 | . . . . . 1 . . . . . Recycling Unit Hacks 6 | . 2 . . . 4 . . . . . Report Inventory 5 | . 2 . . . 3 . . . . . Retrieve Components 1 | . . . . . 1 . . . . . Scanalyzer 3 | . . . . . 3 . . . . . Insert Component 1 | . . . . . 1 . . . . . Analyze 2 | . . . . . 2 . . . . . Garrison Access Hacks . | . . . . . . . . . . . Unauthorized Hacks 3 | . . . . . 3 . . . . . Terminals 3 | . . . . . 3 . . . . . Botnet 1 | . . . . . 1 . . . . . Operators 2 | . . . . . 2 . . . . . Fabricators . | . . . . . . . . . . . Repair Stations . | . . . . . . . . . . . Recycling Units . | . . . . . . . . . . . Scanalyzers . | . . . . . . . . . . . Garrison Access . | . . . . . . . . . . . Data Cores Recovered . | . . . . . . . . . . . Used . | . . . . . . . . . . . Hacking Detections 8 | . 2 . . . 6 . . . . . Full Trace Events 4 | . 1 . . . 3 . . . . . Feedback Events . | . . . . . . . . . . . Feedback Blocked . | . . . . . . . . . . . Robot Schematics Acquired . | . . . . . . . . . . . Robots Built . | . . . . . . . . . . . Authchips . | . . . . . . . . . . . Time . | . . . . . . . . . . . Total Robot Build Rating . | . . . . . . . . . . . Part Schematics Acquired 6 | . . . . . 1 . . . 5 . Parts Built . | . . . . . . . . . . . Authchips . | . . . . . . . . . . . Time . | . . . . . . . . . . . Total Part Build Rating . | . . . . . . . . . . . Parts Repaired 1 | . . . . . 1 . . . . . Time 53 | . . . . . 53 . . . . . Parts Recycled . | . . . . . . . . . . . Recycled Matter . | . . . . . . . . . . . Retrieved Matter . | . . . . . . . . . . . Retrieved Components 10 | . . . . . 10 . . . . . Parts Scanalyzed 1 | . . . . . 1 . . . . . Part Schematics Acquired 1 | . . . . . 1 . . . . . Parts Damaged 1 | . . . . . 1 . . . . . Bothacking | -11 -10 -10 -10 -9 -8 -7 -7 -7 -7 -7 ------------ Run | Scr Mat Min Exi Min Mat Fac Low Low Zio Dee Used RIF Installer . | . . . . . . . . . . . Robots Hacked . | . . . . . . . . . . . Non-combat . | . . . . . . . . . . . Combat . | . . . . . . . . . . . Robot Hacks Applied . | . . . . . . . . . . . Relay Couplers Released . | . . . . . . . . . . . Fabnet Peak Effective % . | . . . . . . . . . . . Robots Rewired 4 | . . . 4 . . . . . . . Allies Hacked . | . . . . . . . . . . . Hacks Repelled . | . . . . . . . . . . . Allies | -11 -10 -10 -10 -9 -8 -7 -7 -7 -7 -7 -------- Run | Scr Mat Min Exi Min Mat Fac Low Low Zio Dee Total Allies 10 | . . 2 4 4 . . . . . . Largest Group 7 | . . 2 4 7 . . . . . . Highest-Rated Group 95 | . . 45 45 95 . . . . . . Highest-Rated Ally 31 | . . 31 31 31 . . . . . . Total Orders . | . . . . . . . . . . . Ally Attacks 15 | . . 5 . 10 . . . . . . Total Damage 226 | . . 66 . 160 . . . . . . Kills 3 | . . 1 . 2 . . . . . . Allies Corrupted . | . . . . . . . . . . . Allies Melted . | . . . . . . . . . . . Intel | -11 -10 -10 -10 -9 -8 -7 -7 -7 -7 -7 ------- Run | Scr Mat Min Exi Min Mat Fac Low Low Zio Dee Robot Analysis Total 1 | . . . . . 1 . . . . . Derelict Logs Recovered 7 | . . 2 . 2 . . . 1 2 . Drone Launches . | . . . . . . . . . . . Drone Recoveries . | . . . . . . . . . . . Exploration | -11 -10 -10 -10 -9 -8 -7 -7 -7 -7 -7 ------------- Run | Scr Mat Min Exi Min Mat Fac Low Low Zio Dee Turns Passed 7625 | 52 558 975 933 492 3066 155 208 157 523 506 Spaces Moved 6324 | 36 290 687 770 442 1693 210 339 312 1086 459 Core 24 | 1 . . . . . . . . . 23 Treads 1695 | . 201 362 . 21 1111 . . . . . Legs . | . . . . . . . . . . . Wheels 1797 | 35 89 325 770 421 157 . . . . . Hover 2516 | . . . . . 133 210 339 312 1086 436 Flight 292 | . . . . . 292 . . . . . Fastest Speed 26 | 50 100 95 95 95 26 45 45 45 45 45 Average Speed 95 | 98 143 133 95 98 134 45 45 45 45 72 Slowest Speed 400 | 100 160 160 95 160 277 45 45 45 45 400 Overloaded Moves . | . . . . . . . . . . . Propulsion Burnouts . | . . . . . . . . . . . Robots Hopped . | . . . . . . . . . . . Cave-ins Triggered . | . . . . . . . . . . . Exploration Rate (%) 60 | 3 48 98 89 85 84 9 56 61 87 41 Regions Visited 10 Branch Regions 7 Pre-discovered Areas 6 | . . 2 1 1 . . . . 2 . Known Exits Taken 4 | . . . . . . 1 1 1 1 . Unknown Exits Taken 6 | 1 1 1 1 1 1 . . . . . Scrap Searched 9 | . . 2 . 1 . . 1 1 4 . Spaces Dug 33 | . . . . 9 4 3 1 . 2 14 Terrain Destroyed 157 | . . . 15 40 4 3 21 . 2 72 Melee 10 | . . . . . 4 3 1 . 2 . Projectile . | . . . . . . . . . . . AOE 147 | . . . 15 40 . . 20 . . 72 Terrain Rammed . | . . . . . . . . . . . Walls Destroyed . | . . . . . . . . . . . Machines Disabled . | . . . . . . . . . . . Actions | -11 -10 -10 -10 -9 -8 -7 -7 -7 -7 -7 --------- Run | Scr Mat Min Exi Min Mat Fac Low Low Zio Dee Total 7314 | 49 371 734 903 487 2151 263 378 326 1103 549 Wait 326 | . 20 28 26 22 126 45 29 14 . 16 Move 6314 | 35 289 686 769 441 1692 209 338 311 1085 459 Hop . | . . . . . . . . . . . Pick Up 53 | 7 8 3 . 3 25 2 . . 1 4 Fast Attach 55 | 5 1 2 . . 38 . . . 1 8 Attach 23 | 1 2 1 . 4 6 2 . . . 7 Detach 9 | . 1 . . . 7 . . . . 1 Swap 45 | . 2 1 2 5 23 2 1 . 4 5 Drop 75 | . 5 5 . 1 61 . . . 3 . Fire 290 | . 43 7 39 10 154 . 4 . . 33 Melee 50 | . . . . 1 16 3 6 1 9 14 Ram 3 | 1 . . . . . . . . . 2 Kick . | . . . . . . . . . . . Crush 3 | . . . . . 3 . . . . . Escape Stasis . | . . . . . . . . . . . Rewire 68 | . . 1 67 . . . . . . . Trap . | . . . . . . . . . . . Miscellaneous . | . . . . . . . . . . . Route ------- -11/Scrapyard -10/Materials -10/Mines (discovered 3 exits: [*Mat x2] / *Exi) -10/Exiles (discovered 2 exits: [*Min x2]) -9/Mines -8/Materials (discovered 3 exits: *Fac x3) -7/Factory -7/Lower Caves -7/Lower Caves (discovered 2 exits: *Fac / *Zio) -7/Zion (discovered 2 exits: *Dee / [*Pro]) -7/Deep Caves History --------- Turn | Location | Event 15 | -11/Scrapyard | Discovered new exit (range 16) 53 | -11/Scrapyard | Entered Materials 302 | -10/Materials | Build established: Mutant 548 | -10/Materials | Discovered new exit (range 12) 611 | -10/Materials | Entered Mines 634 | -10/Mines | Learned location of Zion (-7) 646 | -10/Mines | Met a Derelict bent on vengeance 703 | -10/Mines | Learned location of Storage (-7) 746 | -10/Mines | Found a damaged Exp. Sensor Array with a note attached 749 | -10/Mines | Found Prototype Device 963 | -10/Mines | Discovered new exit (range 13) 967 | -10/Mines | Learned 2 Materials zone layouts 1211 | -10/Mines | Discovered new exit (range 11) 1554 | -10/Mines | Deemed a non-threat by the Exiles lab entrance 1554 | -10/Mines | Discovered new exit (range 5) 1586 | -10/Mines | Entered Exiles 1586 | -10/Exiles | Found Exiles lab destroyed 1586 | -10/Exiles | Accompanied by 2 allies 1599 | -10/Exiles | Discovered new exit (range 15) 1616 | -10/Exiles | Led the pair of lost Derelicts to a safe place 2085 | -10/Exiles | Discovered new exit (range 10) 2519 | -10/Exiles | Entered Mines 2519 | -9/Mines | Accompanied by 3 allies 2558 | -9/Mines | Assembled infested the area 2563 | -9/Mines | Assisted by a Guerilla fighting off Assembled 2599 | -9/Mines | Learned Materials stockpile data 2621 | -9/Mines | Found a hidden stash of uninstalled traps 2636 | -9/Mines | Assisted by bots powering up and referring to "LRC-V3" 2779 | -9/Mines | Met a Derelict testing a Signal Generator 2882 | -9/Mines | Core integrity fell below 50% 2891 | -9/Mines | Core integrity fell below 20% 2920 | -9/Mines | A weapon hastily lodged in a ceiling crevice suddenly fell to the ground 2923 | -9/Mines | Lost 4 parts (1p2n1w) 3002 | -9/Mines | Discovered new exit (range 9) 3011 | -9/Mines | Entered Materials 3011 | -8/Materials | Evolved 4 slots: Propulsion x2, Utility x2 3309 | -8/Materials | Build established: Scavenger-Mutant 3998 | -8/Materials | Discovered new exit (range 16) 4329 | -8/Materials | Build established: Mutant 4509 | -8/Materials | Discovered new exit (range 12) 4970 | -8/Materials | Repaired Broken Adv. Targeting Computer 5226 | -8/Materials | Discovered new exit (range 11) 6077 | -8/Materials | Entered Factory 6077 | -7/Factory | Evolved 2 slots: Utility x2 6077 | -7/Factory | Identified Exp. Sensor Array 6228 | -7/Factory | Discovered new exit (range 7) 6230 | -7/Factory | Identified exit to Lower Caves 6232 | -7/Factory | Entered Lower Caves 6433 | -7/Lower Caves | Discovered new exit (range 15) 6439 | -7/Lower Caves | Identified exit to Lower Caves 6440 | -7/Lower Caves | Entered another Lower Caves area 6441 | -7/Lower Caves | Encountered a Warlord checkpoint 6446 | -7/Lower Caves | Discovered new exit (range 12) 6452 | -7/Lower Caves | Identified exit to Factory 6570 | -7/Lower Caves | Discovered new exit (range 14) 6575 | -7/Lower Caves | Identified exit to Zion 6597 | -7/Lower Caves | Entered Zion 6629 | -7/Zion | Discovered new exit (range 10) 6688 | -7/Zion | Found CR-A16's Pointy Stick 6693 | -7/Zion | Learned location of Extension (-5) 6699 | -7/Zion | Learned Factory garrison access intel 6779 | -7/Zion | Visited the Megawrench Repair Shop 6810 | -7/Zion | Given the Hacking Drone Bay 6914 | -7/Zion | Learned location of Warlord (-5) 7075 | -7/Zion | Discovered new exit (range 5) 7076 | -7/Zion | Saw the warning signs outside the Deep Caves entrance 7118 | -7/Zion | Identified exit to Deep Caves 7120 | -7/Zion | Entered Deep Caves 7199 | -7/Deep Caves | Attacked by Z-Imprinter 7229 | -7/Deep Caves | Destroyed Z-Imprinter 7242 | -7/Deep Caves | Z-Facility disabled 7254 | -7/Deep Caves | Lost 8 parts (2p2n2u2w) 7433 | -7/Deep Caves | Found Prototype Protection 7433 | -7/Deep Caves | Identified Zio. Heavy Carapace 7436 | -7/Deep Caves | Lost 8 parts (6n1u1w) 7513 | -7/Deep Caves | Core integrity fell below 50% 7540 | -7/Deep Caves | Core integrity fell below 20% 7626 | -7/Deep Caves | Self-destructed Last Messages --------------- 07502_ Slammed into F3-NSP(z). 07502_ Destabilizing: System corrupted (+2). 07504_ System corrupted: Substantial component data lost. 07506_ Slammed into F3-NSP(z). 07506_ Zio. Glidesys I broken. 07506_ Destabilizing: Short circuit. 07514_ Destroyed Zio. Glidesys I. 07514_ Zio. Heavy Carapace destroyed. 07531_ Broken Zio. Glidesys I destroyed. 07537_ Destroyed Prototype Protection. 07540_ F3-NSP(z) suffers critical hit (Impale). 07540_ Destroyed Phase Shifter. 07540_ F3-NSP(z) destroyed. 07544_ Acquired 56 matter. 07552_ Acquired Zio. Glidesys I. 07554_ Acquired Prototype Reactor. 07554_ Identified Zio. Light DM Reactor. 07557_ Acquired Prototype Device. 07557_ Identified Exp. Heat Sink. 07560_ Acquired Imp. Reaction Control System. Map ----- +----------------------------------------------------+ | | | | | | | | | | | | | | | | | | | | | | | | | | | | | | | | | | | | | | | | | | | | | | | | | ???????????????????##############???####????????## | | ???????????????????# !![!@*!=![*#???# !#????### # | | ???????????????????# ##### ###### | | ???????????????????# ### ##### # ### | | ????????????????#### ########## ## # # | | ????????????????# # ###### # ## ## | | ????????????????#[ ! # | | ????????????????# * | | ????????????????## ! | | ?????????????????### | | ???????????????????## | | ???????????????????# """"" | | ????????????????#### """"""""" | | ???????????????## # """"""""" | | ???????????????# """"""""" | | ???????????????#[[# """"""""" | | ???????????????##### """??"""" | | ???????????????????# ""??""""" | | ??????????????????? ""??""""" | | ??????????????????## ""??""""" | | ???????????????????# "???""""" | | ???????????????????# ???""""" | | ??????????????????? ????""""" | | ??????????????????? ???????""""" | | ?????????????????? ???????????""""" | | ?????????????????? ????????????""""" | +----------------------------------------------------+ Best States ------------- Heat Dissipation 60 Energy Generation 27 Energy Capacity 290 Matter Stores 300 Matter Capacity 300 Sight Range 16 Robot Scan Range 20 Terrain Scan Density 10 Armor Coverage 1200 Core Shielding 20 Propulsion Shielding 33 Utility Shielding 33 Evasion (%) 64 Targeting Accuracy 8 Recoil Reduction 4 Item Schematics ----------------- Adv. Targeting Computer | -8/Materials | Scanalyzed Hvy. Beamcaster | -7/Zion | Free Riot Gun | -7/Zion | Free Hvy. Riot Gun | -7/Zion | Free Battle Cannon | -7/Zion | Free Slug Cannon | -7/Zion | Free Robot Schematics ------------------ None Fabricated ------------ Nothing Alien Tech Used ----------------- None Achievements -------------- None Challenges ------------ None Game ------ Seed SurveybotProtonLog Manual? 0 Play Time 01:18:24 Cumulative 228.6 hours Start 2022.04.18 @ 18:43:12 End 2022.04.18 @ 20:02:09 Sessions 1 Manual Loads 0 Difficulty Rogue Special Mode None Game No. 86 Rogue 86 Adventurer 0 Explorer 0 Win Type - Total 2 Types 1/0/1/0/0/0/0/0/0 Lore% 63 Gallery% 74 Achievement% 56 Wizard Run 0 Options --------- ASCII 1 Keyboard 1 Movement Numpad Keybinds 0 Fullscreen 1 Font 36/Smallcaps Map View 76x50 Tactical HUD 1 Map Filters NONE Filters NONE Steam 1 RUN: 755a14a9-f5da-4bf6-a197-5f69f43e50b1